[Event "Titled Tuesday Blitz November 22 Early 2022"]
[White "Winterberg, Lukas"]
[Black "Avazkhonov, Alikhon"]
[WhiteFideId "24622702"]
[BlackFideId "14208504"]
[WhiteElo "2349"]
[BlackElo "1739"]
[Result "0-1"]
[Round "09"]
[TimeControl "180+1"]
[Date "2022.11.23"]
[WhiteClock "0:02:05"]
[BlackClock "0:01:03"]

1. Nf3 d5 2. b3 c6 3. Bb2 Nf6 4. g3 Bg4 5. Bg2 Nbd7 6. O-O e6 7. c4 Bd6 8. cxd5 exd5 9. d3 O-O 10. Nbd2 Re8 11. Re1 Qc7 12. Qc2 Ne5 13. e4 dxe4 14. dxe4 Rad8 15. Nxe5 Bxe5 16. Bxe5 Qxe5 17. h3 Bc8 18. Nc4 Qc5 19. Rac1 g6 20. e5 Nd5 21. Nd6 Qxc2 22. Rxc2 Rxd6 23. exd6 Rxe1+ 24. Kh2 Nf6 25. b4 Bd7 26. b5 Re6 27. bxc6 bxc6 28. Bxc6 Rxd6 29. Bg2 Kg7 30. Rc7 a6 31. Ra7 Be6 32. a4 Bb3 33. a5 Bc4 34. g4 Nd7 35. Kg3 Nc5 36. h4 Nb3 37. Rc7 Bd5 38. Bf1 Nxa5 39. Rc5 Nb7 40. Rc3 Rb6 41. Rc7 a5 42. f4 a4 43. f5 gxf5 44. gxf5 a3 45. Bc4 Bxc4 46. Rxc4 Ra6 47. Rc1 a2 48. Ra1 Nc5 49. Kf4 Nb3 50. Kg5 Nxa1 51. f6+ Rxf6 52. h5 Nb3 53. h6+ Rxh6 0-1


[Site "https://www.chess.com"]

[Event "Titled Tuesday Blitz November 22 Early 2022"]
[White "Xiong, Jeffery"]
[Black "Duda, Jan-Krzysztof"]
[WhiteFideId "2047640"]
[BlackFideId "1170546"]
[WhiteElo "2725"]
[BlackElo "2779"]
[Result "1/2-1/2"]
[Round "09"]
[TimeControl "180+1"]
[Date "2022.11.22"]
[WhiteClock "0:00:52"]
[BlackClock "0:00:42"]

1. e4 e5 2. Nf3 Nc6 3. Nc3 Nf6 4. d4 exd4 5. Nxd4 Bb4 6. Nxc6 bxc6 7. Bd3 d5 8. exd5 O-O 9. O-O Bg4 10. f3 Bh5 11. dxc6 Qd4+ 12. Kh1 Bxc3 13. bxc3 Qxc3 14. Rb1 Bg6 15. Rb3 Qxc6 16. Bb2 Rfd8 17. Qa1 Rab8 18. Rc1 a5 19. Be5 Ne8 20. h3 a4 21. Rc3 Qd5 22. Bxc7 Nxc7 23. Rxc7 Bxd3 24. cxd3 Qxd3 25. Qe5 Rb1 26. Kh2 Rxc1 27. Rxc1 h6 28. Rc7 Qd5 29. Qxd5 Rxd5 30. Rc4 a3 31. Rc3 Ra5 32. h4 g5 33. Kg3 Kg7 34. Rc6 Rd5 35. Rc3 gxh4+ 36. Kh3 Rd1 37. Kh2 Kg6 38. Rxa3 Kg5 39. Ra8 f5 40. a4 Ra1 41. a5 Kf4 42. Rb8 1/2-1/2


[Site "https://www.chess.com"]

[Event "Titled Tuesday Blitz November 22 Early 2022"]
[White "Xu, Yi"]
[Black "Bluebaum, Matthias"]
[WhiteFideId "8605564"]
[BlackFideId "24651516"]
[WhiteElo "2471"]
[BlackElo "2633"]
[Result "1-0"]
[Round "09"]
[TimeControl "180+1"]
[Date "2022.11.22"]
[WhiteClock "0:00:06"]
[BlackClock "0:00:02"]

1. e4 e6 2. d4 d5 3. e5 c5 4. c3 Nc6 5. Nf3 Nge7 6. Bd3 cxd4 7. cxd4 Nf5 8. Bxf5 exf5 9. O-O Be7 10. Nc3 Be6 11. Be3 g5 12. g3 f4 13. gxf4 gxf4 14. Bxf4 Bh3 15. Bg3 h5 16. Kh1 h4 17. Bf4 Bxf1 18. Qxf1 Qd7 19. Nb5 Qg4 20. Qe2 Qxf4 21. Nc7+ Kd7 22. Nxd5 Qf5 23. Nc3 Rag8 24. d5 Nd8 25. d6 Bxd6 26. exd6 Nc6 27. Ne4 Rg4 28. Re1 Rhg8 29. b4 Kd8 30. Nc5 Qd5 31. Rd1 Qf5 32. Nxb7+ Kc8 33. Nc5 Nd8 34. Qa6+ Kb8 35. Ne5 Rg1+ 36. Rxg1 Rxg1+ 37. Kxg1 Qb1+ 38. Qf1 Qf5 39. Ned7+ Ka8 40. Qg2+ Qe4 41. Qxe4+ Nc6 42. Qxc6# 1-0


[Site "https://www.chess.com"]

[Event "Titled Tuesday Blitz November 22 Early 2022"]
[White "Yuan, Qingyu"]
[Black "Farmani Anosheh, Armin"]
[WhiteFideId "8609772"]
[BlackFideId "24613240"]
[WhiteElo "2359"]
[BlackElo "2289"]
[Result "1-0"]
[Round "09"]
[TimeControl "180+1"]
[Date "2022.11.23"]
[WhiteClock "0:00:10"]
[BlackClock "0:00:04"]

1. e4 e5 2. Nf3 Nc6 3. Bb5 Nf6 4. d3 Bc5 5. O-O d6 6. c3 O-O 7. d4 Bb6 8. Bg5 h6 9. Bh4 Bd7 10. Nbd2 Nxd4 11. Bxd7 Nxf3+ 12. Qxf3 Qxd7 13. Bxf6 gxf6 14. Qxf6 Qe6 15. Qh4 Kh7 16. Kh1 Rg8 17. h3 f5 18. f4 Be3 19. exf5 Qd5 20. Nf3 Bxf4 21. b3 Bg3 22. Qh5 Raf8 23. Rad1 Qe4 24. Nd2 Qc2 25. Qf3 Bf4 26. Ne4 Rxf5 27. g3 Rg6 28. Rf2 Bd2 29. Rdxd2 Qb1+ 30. Rd1 Rxf3 31. Rxb1 Rxf2 32. Nxf2 Rxg3 33. Rc1 Rf3 34. Kg2 Re3 35. c4 Re2 36. Ra1 Kg6 37. Kf3 Rb2 38. Ke3 a5 39. Nd3 Rh2 40. Nf2 h5 41. Kf3 Kf5 42. Kg3 Rxf2 43. Kxf2 c6 44. Rd1 Ke6 45. Ke3 d5 46. cxd5+ cxd5 47. Rg1 Kf6 48. Rf1+ Ke6 49. Rg1 Kf6 50. Rg8 Kf5 51. h4 d4+ 52. Kd3 Kf4 53. Rg5 e4+ 54. Kxd4 e3 55. Re5 Kg4 56. Re4+ Kf3 57. Rxe3+ 1-0


[Site "https://www.chess.com"]

[Event "Titled Tuesday Blitz November 22 Early 2022"]
[White "Yurovskykh, Oleksandr"]
[Black "Boruchovsky, Avital"]
[WhiteFideId "14134020"]
[BlackFideId "2800055"]
[WhiteElo "2265"]
[BlackElo "2458"]
[Result "0-1"]
[Round "09"]
[TimeControl "180+1"]
[Date "2022.11.22"]
[WhiteClock "0:00:17"]
[BlackClock "0:01:05"]

1. d4 d5 2. Bf4 c5 3. e3 Nc6 4. c3 Nf6 5. Nd2 a6 6. Ngf3 cxd4 7. exd4 Bf5 8. Be2 h6 9. O-O e6 10. Re1 Be7 11. Ne5 Nxe5 12. Bxe5 O-O 13. a4 Nd7 14. Bg3 Qb6 15. Qb3 Qxb3 16. Nxb3 Rfc8 17. a5 Nb8 18. h3 Nc6 19. Nc5 Nxa5 20. Rxa5 b6 21. Rxa6 bxc5 22. Rea1 Rxa6 23. Bxa6 Ra8 24. dxc5 Bd3 25. Bxd3 Rxa1+ 26. Kh2 Bxc5 27. b4 Bb6 28. f3 Bg1+ 29. Kh1 Bd4+ 0-1


[Site "https://www.chess.com"]

[Event "Titled Tuesday Blitz November 22 Early 2022"]
[White "Zaichenko, Daria"]
[Black "Khamdamova, Afruza"]
[WhiteFideId "4197453"]
[BlackFideId "14210444"]
[WhiteElo "2039"]
[BlackElo "2018"]
[Result "0-1"]
[Round "09"]
[TimeControl "180+1"]
[Date "2022.11.23"]
[WhiteClock "0:00:39"]
[BlackClock "0:00:07"]

1. e4 e5 2. Nf3 Nc6 3. Bc4 Nf6 4. d3 Bc5 5. c3 d6 6. Bb3 a5 7. a4 O-O 8. O-O h6 9. Nbd2 Be6 10. Re1 Qd7 11. Nf1 Ng4 12. Re2 f5 13. exf5 Bxb3 14. Qxb3+ Kh7 15. Ng3 d5 16. h3 Nxf2 17. Rxf2 Bxf2+ 18. Kxf2 e4 19. dxe4 dxe4 20. Nh4 Ne5 21. Be3 Qd6 22. Nxe4 Nd3+ 23. Kg1 Qe7 24. Ng6 Qxe4 25. Nxf8+ Rxf8 26. Qe6 Qxf5 27. Qxf5+ Rxf5 28. b3 Re5 29. Bd4 Re2 30. Rf1 Kg6 31. Rf8 c5 32. Rf3 cxd4 33. Rxd3 dxc3 34. Rxc3 Rb2 35. Rc5 b6 36. Rc6+ Kf5 37. Rxb6 Kf4 38. Rb7 g5 39. Kh2 h5 40. Rb5 g4 41. hxg4 hxg4 42. Rb7 Rb1 43. Rf7+ Kg5 44. Rd7 Rxb3 45. Rd5+ Kh4 46. Rb5 g3+ 47. Kg1 Rxb5 48. axb5 a4 49. b6 a3 50. b7 a2 51. b8=Q a1=Q+ 52. Qb1 Qxb1# 0-1


[Site "https://www.chess.com"]

[Event "Titled Tuesday Blitz November 22 Early 2022"]
[White "Zainullina, Nataliya"]
[Black "Manon-og, Ramon Jr."]
[WhiteFideId "4145488"]
[BlackFideId "5200776"]
[WhiteElo "2118"]
[BlackElo "2310"]
[Result "0-1"]
[Round "09"]
[TimeControl "180+1"]
[Date "2022.11.23"]
[WhiteClock "0:00:06"]
[BlackClock "0:00:06"]

1. Nf3 Nf6 2. c4 g6 3. b4 c6 4. Bb2 Bg7 5. g3 O-O 6. Bg2 d5 7. cxd5 cxd5 8. O-O a6 9. d3 Nc6 10. Qb3 Bg4 11. Nbd2 Qd7 12. Rfe1 Rac8 13. a4 Bh3 14. Bh1 Rfe8 15. b5 Nb8 16. Ne5 Qf5 17. e4 Qh5 18. exd5 Nbd7 19. d6 Nxe5 20. Rxe5 Bf5 21. dxe7 Ng4 22. Rxf5 Qxh2+ 23. Kf1 gxf5 24. Bg2 Rxe7 25. Nf3 Qh6 26. Bxg7 Qxg7 27. Re1 Rxe1+ 28. Nxe1 Qd4 29. Qa2 Rc1 30. Qe2 Qc3 31. Bxb7 axb5 32. axb5 Nh2+ 33. Kg2 Rxe1 34. Qh5 Ng4 35. Qxf5 Nf6 36. Qg5+ Kf8 37. Bf3 Qe5 38. Qh6+ Ke7 39. Qd2 Rb1 40. Qa5 Rxb5 41. Qa7+ Kf8 42. Qa8+ Kg7 43. Qa2 Rb2 44. Qa7 Nd5 45. Qc5 Ne3+ 46. Kh2 Qxc5 47. Kh3 Rxf2 0-1


[Site "https://www.chess.com"]

[Event "Titled Tuesday Blitz November 22 Early 2022"]
[White "Zhigalko, Sergei"]
[Black "Bortnyk, Olexandr"]
[WhiteFideId "13502956"]
[BlackFideId "14120828"]
[WhiteElo "2662"]
[BlackElo "2723"]
[Result "0-1"]
[Round "09"]
[TimeControl "180+1"]
[Date "2022.11.22"]
[WhiteClock "0:00:01"]
[BlackClock "0:00:13"]

1. e4 Nf6 2. e5 Nd5 3. d4 d6 4. Nf3 dxe5 5. Nxe5 c6 6. Be2 Bf5 7. O-O Nd7 8. Nf3 e6 9. c4 N5f6 10. Bf4 Be7 11. Nc3 O-O 12. Re1 h6 13. Bf1 Nh5 14. Be3 Bd6 15. h3 Nhf6 16. Qd2 e5 17. dxe5 Nxe5 18. Nd4 Bh7 19. Rad1 Bc7 20. Qc1 Qc8 21. Bf4 Ned7 22. Bd3 Bxd3 23. Rxd3 Qb8 24. Bxh6 gxh6 25. Qxh6 Bh2+ 26. Kh1 Qf4 27. Nf5 Qxh6 28. Nxh6+ Kh7 29. Nxf7 Bf4 30. Re7 Rae8 31. Ng5+ Kg6 32. Rxe8 Rxe8 33. Nf3 Ne5 34. Nxe5+ Bxe5 35. g3 Bxc3 36. Rxc3 Re2 37. Rb3 b6 38. Kg2 Rc2 39. Re3 Rxb2 40. Re6 c5 41. g4 Rxa2 42. Kg3 Ra3+ 43. f3 Kf7 44. Rc6 Rc3 45. h4 Rxc4 46. g5 Nh5+ 47. Kf2 Rxh4 48. Rh6 Kg7 49. Ke3 Ng3 0-1


[Site "https://www.chess.com"]

[Event "Titled Tuesday Blitz November 22 Early 2022"]
[White "monkins"]
[Black "Vargas, Mauricio"]
[BlackFideId "4404572"]
[WhiteElo "2154"]
[BlackElo "2025"]
[Result "1-0"]
[Round "09"]
[TimeControl "180+1"]
[Date "2022.11.23"]
[WhiteClock "0:00:54"]
[BlackClock "0:00:34"]

1. Nf3 Nc6 2. d4 e5 3. dxe5 Nge7 4. b3 Ng6 5. Bb2 Qe7 6. Nbd2 Ngxe5 7. g3 d6 8. Bg2 Nb4 9. Nxe5 dxe5 10. O-O Bf5 11. Bxb7 Nxc2 12. Bc6+ Kd8 13. Bxa8 Nxa1 14. Bxa1 Kc8 15. Bg2 h5 16. Nf3 f6 17. Nh4 Be6 18. Ng6 Qc5 19. Nxh8 h4 20. Qd3 hxg3 21. Qa6+ Kb8 22. Qb7# 1-0


[Site "https://www.chess.com"]

[Event "Titled Tuesday Blitz November 22 Early 2022"]
[White "Agasarov, Benik"]
[Black "Gheorghiu, Calin"]
[WhiteFideId "13314823"]
[BlackFideId "1200305"]
[WhiteElo "2178"]
[BlackElo "2225"]
[Result "1-0"]
[Round "10"]
[TimeControl "180+1"]
[Date "2022.11.23"]
[WhiteClock "0:00:08"]
[BlackClock "0:00:07"]

1. d4 Nf6 2. c4 e6 3. Nc3 Bb4 4. e3 O-O 5. Ne2 c6 6. a3 Ba5 7. b4 Bc7 8. e4 d5 9. e5 Nfd7 10. Ng3 a5 11. b5 c5 12. Bf4 f6 13. Bd3 fxe5 14. Qh5 Nf6 15. Bxh7+ Kh8 16. Qh3 exf4 17. Bg6+ Kg8 18. Nh5 Nbd7 19. Qxe6+ Kh8 20. Qh3 Kg8 21. Nxd5 Re8+ 22. Kf1 Nxd5 23. Nxg7 N7f6 24. Qh6 Re7 25. Nf5 Bxf5 26. Bxf5 Qf8 27. Qg5+ Qg7 28. Qxg7+ Kxg7 29. cxd5 Nxd5 30. dxc5 Rf8 31. Bd3 Be5 32. Rd1 Nc3 33. Re1 Bd4 34. Rxe7+ Kf6 35. Rd7 Bxc5 36. h4 Bxa3 37. Rxb7 Rd8 38. Rh3 Bc5 39. Rc7 Bd4 40. b6 a4 41. b7 a3 42. Bc4 Rb8 43. Rd3 Be5 44. Bb3 Bxc7 45. Rxc3 Be5 46. Rc6+ Kf5 47. Ra6 Rxb7 48. Rxa3 Rc7 49. Bc2+ Rxc2 50. Rd3 Rc1+ 51. Ke2 Rc2+ 52. Kf3 Rb2 53. g4+ fxg3 54. fxg3 Rc2 55. g4+ Ke6 56. h5 Rh2 57. Re3 Rh3+ 58. Ke4 Rxe3+ 59. Kxe3 Kf6 60. Ke4 Bd6 61. h6 Kg6 62. g5 Kxg5 63. h7 1-0


[Site "https://www.chess.com"]

[Event "Titled Tuesday Blitz November 22 Early 2022"]
[White "Ai, Evan"]
[Black "Van Osch, Mees"]
[WhiteFideId "2094770"]
[BlackFideId "1035967"]
[WhiteElo "1963"]
[BlackElo "2324"]
[Result "0-1"]
[Round "10"]
[TimeControl "180+1"]
[Date "2022.11.23"]
[WhiteClock "0:00:09"]
[BlackClock "0:00:10"]

1. e4 c5 2. Nf3 d6 3. d4 cxd4 4. Nxd4 Nf6 5. Nc3 a6 6. h3 Nc6 7. Be3 e5 8. Nf3 Be6 9. g4 d5 10. exd5 Nxd5 11. Nxd5 Qxd5 12. Qxd5 Bxd5 13. Bg2 O-O-O 14. O-O f6 15. Rfd1 Be7 16. b3 Kb8 17. c4 Be4 18. Bb6 Rxd1+ 19. Rxd1 Bd8 20. Bc5 Bc7 21. Rd7 Rg8 22. b4 Kc8 23. Rd2 Rd8 24. b5 Na5 25. Rxd8+ Bxd8 26. Nd2 Bxg2 27. Kxg2 Kd7 28. Kf3 g6 29. Ke4 Ke6 30. Bb4 f5+ 31. Kd3 axb5 32. cxb5 Kd5 33. f3 Bb6 0-1


[Site "https://www.chess.com"]

[Event "Titled Tuesday Blitz November 22 Early 2022"]
[White "Akbas, Umut Ata"]
[Black "Unat, Can Haktan"]
[WhiteFideId "44572646"]
[BlackFideId "6398073"]
[WhiteElo "2192"]
[BlackElo "2146"]
[Result "1-0"]
[Round "10"]
[TimeControl "180+1"]
[Date "2022.11.22"]
[WhiteClock "0:00:38"]
[BlackClock "0:00:15"]

1. d4 Nf6 2. Nf3 g6 3. g3 Bg7 4. Bg2 O-O 5. O-O d5 6. Nbd2 b6 7. c4 Bb7 8. cxd5 Bxd5 9. Qc2 Nbd7 10. e4 Bb7 11. Re1 e5 12. d5 c6 13. d6 Re8 14. Nc4 Nc5 15. Ncxe5 Qxd6 16. Bf4 Qe7 17. b4 Ncxe4 18. Nxc6 Bxc6 19. Qxc6 Rac8 20. Qa4 Nd5 21. Ng5 Nxf4 22. Rxe4 Ne6 23. Nxe6 Bxa1 24. Nc5 Qd8 25. Nb7 Rc1+ 26. Bf1 Rxf1+ 27. Kg2 Rxe4 28. Nxd8 Rfe1 29. Qxa7 Re7 30. Qxb6 Bg7 31. Qc5 Rd7 32. Qc8 Rxd8 33. Qxd8+ Bf8 34. b5 Ra1 35. b6 Rxa2 36. b7 Rb2 37. b8=Q Rxb8 38. Qxb8 Kg7 39. Qe5+ Kh6 40. Qf4+ Kg7 41. h4 h5 42. Qe4 Be7 43. f4 Bf6 44. f5 Kh6 45. fxg6 fxg6 46. Qe6 Kg7 47. Kh3 g5 48. hxg5 Bxg5 49. Qf5 h4 50. gxh4 Bxh4 51. Kxh4 Kg8 52. Qd7 1-0


[Site "https://www.chess.com"]

[Event "Titled Tuesday Blitz November 22 Early 2022"]
[White "Aloma Vidal, Robert"]
[Black "Urazayev, Arystanbek"]
[WhiteFideId "2260409"]
[BlackFideId "13709810"]
[WhiteElo "2435"]
[BlackElo "2441"]
[Result "0-1"]
[Round "10"]
[TimeControl "180+1"]
[Date "2022.11.22"]
[WhiteClock "0:00:07"]
[BlackClock "0:00:13"]

1. e4 c5 2. c3 e6 3. d4 d5 4. e5 Nc6 5. Nf3 Bd7 6. Be2 Nge7 7. Na3 Nf5 8. Nc2 cxd4 9. cxd4 Be7 10. O-O O-O 11. Bd3 Rc8 12. a3 f6 13. Bf4 fxe5 14. Bxe5 Nxe5 15. Nxe5 Ba4 16. Rc1 Bg5 17. f4 Bf6 18. Qd2 Qb6 19. Bxf5 exf5 20. Ne3 Qe6 21. Qb4 Bc6 22. Rfe1 Bxe5 23. dxe5 d4 24. Qxd4 Rfd8 25. Qc4 Bd5 26. Qe2 Be4 27. Rxc8 Rxc8 28. h3 Rd8 29. Kh2 Qh6 30. Qf2 Qc6 31. Rd1 Rxd1 32. Nxd1 Qc1 33. Ne3 h5 34. Kg3 Kh7 35. Kh4 Qc5 36. g4 Qe7+ 37. Kg3 h4+ 38. Kh2 g6 39. gxf5 gxf5 40. b4 Kg8 41. Qg1+ Kf8 42. Qg5 Qd7 43. Qf6+ Kg8 44. Qg6+ Kf8 45. Qf6+ Kg8 46. Qd6 Qb5 47. Qg6+ Kf8 48. Qf6+ Ke8 49. Qe6+ Kd8 50. Qd6+ Ke8 51. Qe6+ Kf8 52. Qc4 Qa4 53. Qc8+ Kg7 54. Qc7+ Kf8 55. Qd8+ Kf7 56. Qf6+ Ke8 57. Qe6+ Kf8 58. Qf6+ Ke8 59. Qe6+ Kd8 60. Qa2 Qc6 61. Qc4 Qh6 62. Nd5 Bxd5 63. Qxd5+ Ke8 64. Qd4 Qh5 65. Qe3 Qd1 66. e6 b6 67. e7 Qc2+ 68. Kg1 Qd1+ 69. Kf2 Qh1 70. Qe6 Qh2+ 71. Ke1 Qxf4 72. Qc8+ Kxe7 73. Qb7+ Kf6 74. Qxa7 Qe3+ 75. Kd1 f4 76. Kc2 f3 77. Qc7 f2 78. Qd8+ Kf5 79. Qf8+ Ke4 80. Qe7+ Kf3 81. Qf6+ Kg2 82. Qg6+ Qg3 83. Qe4+ Kg1 0-1


[Site "https://www.chess.com"]

[Event "Titled Tuesday Blitz November 22 Early 2022"]
[White "Ansh M Shah"]
[Black "Safin, Robert"]
[WhiteFideId "25033379"]
[BlackFideId "34189120"]
[WhiteElo "2084"]
[BlackElo "2253"]
[Result "0-1"]
[Round "10"]
[TimeControl "180+1"]
[Date "2022.11.23"]
[WhiteClock "0:00:37"]
[BlackClock "0:00:14"]

1. d4 Nf6 2. c4 c5 3. d5 b5 4. cxb5 a6 5. e3 g6 6. Nc3 d6 7. h4 Bg7 8. a4 O-O 9. Nf3 axb5 10. Bxb5 Ba6 11. Bd2 Nbd7 12. O-O Nb6 13. e4 Nc4 14. Bc1 Bxb5 15. Nxb5 Nb6 16. Re1 Qd7 17. Bd2 Nxa4 18. Rxa4 Qxb5 19. Rxa8 Rxa8 20. Bc3 Ng4 21. Bxg7 Kxg7 22. Ng5 h5 23. f3 Ne5 24. Qe2 Qxe2 25. Rxe2 Ra2 26. Kf2 Rxb2 27. Rxb2 Nd3+ 28. Ke3 Nxb2 29. Kd2 Nc4+ 30. Kc3 Ne3 31. g3 Nf1 32. g4 hxg4 33. fxg4 Ne3 34. h5 Nxg4 35. h6+ Nxh6 36. Kc4 Ng4 37. Kb5 Nf2 38. Kc6 Kf6 39. Nh7+ Ke5 40. Kd7 c4 41. Ng5 c3 42. Nf3+ Kxe4 43. Ne1 Kxd5 44. Kxe7 g5 45. Kxf7 g4 46. Kf6 g3 47. Kf5 Kd4 48. Kf4 g2 49. Nxg2 c2 50. Kf3 c1=Q 51. Nf4 Qe3+ 52. Kg2 Qxf4 53. Kf1 Ne4+ 54. Ke2 Qf2+ 55. Kd1 Qd2# 0-1


[Site "https://www.chess.com"]

[Event "Titled Tuesday Blitz November 22 Early 2022"]
[White "Arabidze, Meri"]
[Black "Pajeken, Jakob Leon"]
[WhiteFideId "13604040"]
[BlackFideId "12942839"]
[WhiteElo "2403"]
[BlackElo "2429"]
[Result "1-0"]
[Round "10"]
[TimeControl "180+1"]
[Date "2022.11.23"]
[WhiteClock "0:00:26"]
[BlackClock "0:00:45"]

1. b3 d5 2. Bb2 Bg4 3. f3 Bh5 4. e3 Nd7 5. Ne2 e5 6. Ng3 Bg6 7. Be2 Be7 8. O-O Ngf6 9. f4 exf4 10. exf4 h6 11. f5 Bh7 12. d4 O-O 13. Bd3 Bd6 14. Nd2 Bxg3 15. hxg3 c5 16. g4 Rc8 17. Qf3 Qb6 18. dxc5 Qxc5+ 19. Kh1 Rfe8 20. Qf4 Qc6 21. g5 hxg5 22. Qxg5 Qd6 23. Nf3 Qf8 24. Rae1 Ne4 25. Qf4 Ndf6 26. g4 Qc5 27. Bd4 Qc6 28. Kg2 Nc3 29. Ne5 Qc7 30. Rh1 Nd7 31. Qh2 Nxe5 32. Bxe5 Qc6 33. Qxh7+ Kf8 34. Bd6+ 1-0


[Site "https://www.chess.com"]

[Event "Titled Tuesday Blitz November 22 Early 2022"]
[White "Avazkhonov, Alikhon"]
[Black "Melikyan, Gnel"]
[WhiteFideId "14208504"]
[BlackFideId "54109990"]
[WhiteElo "1739"]
[BlackElo "2138"]
[Result "0-1"]
[Round "10"]
[TimeControl "180+1"]
[Date "2022.11.23"]
[WhiteClock "0:00:11"]
[BlackClock "0:01:41"]

1. d4 e5 2. dxe5 Nc6 3. Nf3 Bc5 4. Nc3 Nge7 5. Ne4 Bb6 6. Bg5 h6 7. Bh4 g5 8. Nf6+ Kf8 9. Bg3 Ng6 10. e3 d6 11. Bc4 g4 12. Nh4 Ngxe5 13. Nh5 Nxc4 14. O-O N4e5 15. Qd5 Be6 16. Qe4 d5 17. Qf4 Qg5 18. Nf6 Qxf4 19. exf4 Nd7 20. f5 Nxf6 21. fxe6 Ne4 22. Kh1 Re8 23. exf7 Kxf7 24. Bf4 Nxf2+ 0-1


[Site "https://www.chess.com"]

[Event "Titled Tuesday Blitz November 22 Early 2022"]
[White "Averjanov, Alexey"]
[Black "Stribuk, Artiom"]
[WhiteFideId "14109867"]
[BlackFideId "13515659"]
[WhiteElo "2611"]
[BlackElo "2371"]
[Result "0-1"]
[Round "10"]
[TimeControl "180+1"]
[Date "2022.11.22"]
[WhiteClock "0:01:08"]
[BlackClock "0:00:27"]

1. d4 Nf6 2. c4 c5 3. Nf3 cxd4 4. Nxd4 g6 5. Nc3 Nc6 6. g3 h5 7. Bg2 Bg7 8. O-O h4 9. b3 hxg3 10. hxg3 Qa5 11. Bb2 Qh5 12. Re1 d6 13. e3 Bg4 14. f3 Qh2+ 15. Kf2 Bh3 16. Rg1 Nxd4 17. exd4 Nh5 18. Ne2 Bf6 19. Qd2 Nxg3 20. Nxg3 Bh4 21. d5 Qxg3+ 22. Kf1 Qxf3+ 23. Qf2 Qxf2# 0-1


[Site "https://www.chess.com"]

[Event "Titled Tuesday Blitz November 22 Early 2022"]
[White "Bacrot, Etienne"]
[Black "Vaishali, Rameshbabu"]
[WhiteFideId "605506"]
[BlackFideId "5091756"]
[WhiteElo "2666"]
[BlackElo "2351"]
[Result "1-0"]
[Round "10"]
[TimeControl "180+1"]
[Date "2022.11.22"]
[WhiteClock "0:00:13"]
[BlackClock "0:00:05"]

1. Nf3 d5 2. g3 Nd7 3. b3 e5 4. Bb2 Bd6 5. Bg2 Ngf6 6. O-O O-O 7. d4 e4 8. Ne5 Re8 9. c4 c6 10. Nxd7 Bxd7 11. e3 h5 12. h3 Qc8 13. Kh2 h4 14. Ba3 Bc7 15. Nc3 g6 16. cxd5 cxd5 17. Rc1 Bc6 18. Ne2 Kg7 19. Kg1 Rh8 20. g4 Nxg4 21. hxg4 Qxg4 22. Nf4 Qf5 23. Nh3 g5 24. f3 exf3 25. Qxf3 Qxf3 26. Bxf3 Bd8 27. Bg4 Re8 28. Rf3 f6 29. Nf2 Ba5 30. b4 Bd8 31. b5 Bxb5 32. Bf5 Be2 33. Rh3 Ba5 34. Rc5 b6 35. Rc7+ Kg8 36. Ng4 Bxg4 37. Bxg4 Bd2 38. Kf2 b5 39. Bc5 b4 40. Be7 Kg7 41. Bxb4+ Kg6 42. Bxd2 Rab8 43. Bd1 Rb2 44. Bc2+ f5 45. Rf3 Rf8 46. Ke2 g4 47. Rc6+ Kg5 48. Rf1 h3 49. Be1 h2 50. Bg3 Rh8 51. Bf4+ Kh4 52. Bxh2 g3 53. Bg1 Kh3 54. Rc1 Kg2 55. Rg6 Rh1 56. Kd3 Rxg1 57. Rxg1+ Kxg1 58. Rxg3+ Kf2 59. Rg5 Rxa2 60. Rxf5+ Ke1 61. Rxd5 Ra3+ 62. Ke4 Kd2 63. Rc5 Rxe3+ 64. Kd5 Rh3 65. Bf5 Ra3 66. Ke5 a5 67. d5 Re3+ 68. Kf6 a4 69. d6 a3 70. d7 a2 71. d8=Q+ Ke1 72. Ra5 1-0


[Site "https://www.chess.com"]

[Event "Titled Tuesday Blitz November 22 Early 2022"]
[White "Barria Zuniga, Daniel"]
[Black "Bon, Michael"]
[WhiteFideId "3400816"]
[BlackFideId "620696"]
[WhiteElo "2414"]
[BlackElo "2379"]
[Result "1-0"]
[Round "10"]
[TimeControl "180+1"]
[Date "2022.11.23"]
[WhiteClock "0:00:53"]
[BlackClock "0:00:05"]

1. c4 e5 2. g3 Nf6 3. Bg2 Nc6 4. Nc3 Bb4 5. Na4 O-O 6. a3 Be7 7. b4 d5 8. cxd5 Nxd5 9. Bb2 Bf6 10. d3 Nd4 11. e3 Nc6 12. Rc1 a5 13. b5 Nce7 14. Nf3 Qd6 15. O-O Bd7 16. Qb3 b6 17. e4 Be6 18. exd5 Bxd5 19. Qc2 Rac8 20. Nc3 Ba8 21. Ne4 Qe6 22. a4 Nd5 23. Qc4 Rfd8 24. d4 exd4 25. Nxd4 Qe5 26. Ba1 Qh5 27. Rfd1 1-0


[Site "https://www.chess.com"]

[Event "Titled Tuesday Blitz November 22 Early 2022"]
[White "Bashirli, Saadat"]
[Black "Fabris, Alberto"]
[WhiteFideId "13429990"]
[BlackFideId "801348"]
[WhiteElo "1408"]
[BlackElo "2154"]
[Result "0-1"]
[Round "10"]
[TimeControl "180+1"]
[Date "2022.11.23"]
[WhiteClock "0:00:02"]
[BlackClock "0:00:48"]

1. d4 Nf6 2. c4 e6 3. Nc3 Bb4 4. e3 O-O 5. Bd3 b6 6. Ne2 Bb7 7. O-O d5 8. a3 Be7 9. f3 c5 10. b3 Nbd7 11. Bb2 cxd4 12. exd4 dxc4 13. bxc4 Rc8 14. Rc1 e5 15. Ne4 exd4 16. Nxd4 Nc5 17. Nxf6+ Bxf6 18. Bf5 Ra8 19. Re1 g6 20. Bb1 Bg7 21. Ba1 Qd7 22. Bc3 Rfd8 23. Ne2 Qxd1 24. Rcxd1 Ba6 25. Bxg7 Kxg7 26. Rc1 Rd2 27. Nf4 Rad8 28. Nd5 Rd4 29. Ne3 Nb3 30. Rc3 Na5 31. Rec1 Nb7 32. Be4 Nc5 33. Bd5 Re8 34. Kf2 Rd2+ 35. Kg3 Bb7 36. Bxb7 Nxb7 37. Nd5 Nc5 38. Re3 Rxe3 39. Nxe3 Rd3 40. Nc2 Rc3 41. Kh3 Nd3 42. Rd1 Nf2+ 43. Kg3 Nxd1 44. Kh3 Rxc2 45. Kg3 Rxc4 46. Kh3 Ra4 47. Kg3 Rxa3 48. Kh3 Rb3 49. Kg3 a5 50. Kh3 a4 51. Kg3 a3 52. Kh3 a2 53. Kg3 a1=Q 54. Kh3 h5 55. Kg3 Qe5+ 56. Kh3 Qf5+ 57. Kg3 h4+ 58. Kxh4 g5+ 59. Kh5 g4+ 60. Kh4 gxf3 61. g4 Qf6+ 62. g5 Qf4+ 63. Kh5 f2 64. h4 Qf3# 0-1


[Site "https://www.chess.com"]

[Event "Titled Tuesday Blitz November 22 Early 2022"]
[White "Baskakov, Egor"]
[Black "Rosenberg, Evan S"]
[WhiteFideId "24197866"]
[BlackFideId "2019299"]
[WhiteElo "2211"]
[BlackElo "2385"]
[Result "1-0"]
[Round "10"]
[TimeControl "180+1"]
[Date "2022.11.23"]
[WhiteClock "0:01:16"]
[BlackClock "0:00:01"]

1. e4 e5 2. Nc3 Nf6 3. g3 d5 4. exd5 Nxd5 5. Bg2 Nxc3 6. bxc3 Nc6 7. d3 Bc5 8. Ne2 O-O 9. h3 Be6 10. c4 f5 11. O-O f4 12. gxf4 Qh4 13. Be3 Bxe3 14. fxe3 Bxh3 15. Qe1 Qh6 16. Rf3 Bxg2 17. Kxg2 exf4 18. Nxf4 Ne5 19. Rg3 Rae8 20. Qa5 Rxf4 21. exf4 Qxf4 22. Qxc7 Qd2+ 23. Kg1 Ng6 24. Rf1 h6 1-0


[Site "https://www.chess.com"]

[Event "Titled Tuesday Blitz November 22 Early 2022"]
[White "Begmuratov, Khumoyun"]
[Black "Bilych, Olexiy"]
[WhiteFideId "14210207"]
[BlackFideId "14156504"]
[WhiteElo "2267"]
[BlackElo "2320"]
[Result "1-0"]
[Round "10"]
[TimeControl "180+1"]
[Date "2022.11.22"]
[WhiteClock "0:00:05"]
[BlackClock "0:00:06"]

1. e4 e5 2. Nf3 Nc6 3. Nc3 Nf6 4. d4 exd4 5. Nxd4 Bb4 6. Nxc6 bxc6 7. Bd3 d5 8. exd5 O-O 9. O-O cxd5 10. h3 Rb8 11. Qf3 Rb6 12. Bf4 Bb7 13. Na4 d4 14. Qg3 Nh5 15. Bxc7 Qd5 16. Nxb6 axb6 17. Qf3 Qxf3 18. gxf3 Bxf3 19. Bxb6 Nf4 20. Bxd4 Rd8 21. Be5 Nxh3+ 22. Kh2 Rd5 23. c3 Bc5 24. Kxh3 Rxe5 25. Rae1 Rh5+ 26. Kg3 Bc6 27. f4 g5 28. Kg4 Rh4+ 29. Kxg5 Rh3 30. Bf5 Rg3+ 31. Kf6 Bb6 32. Rd1 h5 33. Rh1 Bxh1 34. Rxh1 Bd8+ 35. Ke5 h4 36. a4 Rg2 37. b4 Re2+ 38. Be4 f6+ 39. Kf5 Ra2 40. Bd5+ Kg7 41. Bxa2 h3 42. Rxh3 Bb6 43. Ke6 Bf2 44. Bb1 Be3 45. Rxe3 1-0


[Site "https://www.chess.com"]